 Dungeon Crawl Stone Soup version 0.29.1-14-g9c671dbff4 (webtiles) character file.

Game seed: 7563848958931991956

64 Sanktem7 the Trooper (level 3, -2/34 HPs)
             Began as a Minotaur Fighter on Feb 17, 2023.
             Killed from afar by Sigmund (4 damage)
             ... with a puff of flame
             ... on level 2 of the Dungeon.
             The game lasted 00:01:56 (1473 turns).

Sanktem7 the Trooper (Minotaur Fighter)             Turns: 1473, Time: 00:01:57

Health: -2/34      AC:  8    Str: 22    XL:     3   Next: 91%
Magic:  2/2        EV:  9    Int:  5    God:
Gold:   82         SH:  4    Dex:  9    Spells: 2/2 levels left

rFire   . . .      SeeInvis .   a - +0 war axe {axe}
rCold   . . .      Faith    .   c - +0 buckler
rNeg    . . .      Spirit   .   b - +0 scale mail
rPois   .          Reflect  .   (helmet restricted)
rElec   .          Harm     .   (no cloak)
rCorr   .          Rampage  .   (no gloves)
Will    .....                   k - +0 pair of boots
Stlth   ..........              (no amulet)
HPRegen 0.11/turn               (no ring)
MPRegen 0.08/turn               (no ring)

@: slowed, very slow
A: horns 2, retaliatory headbutt
a: no special abilities


You were on level 2 of the Dungeon.
You visited 1 branch of the dungeon, and saw 2 of its levels.

You collected 82 gold pieces.


Innate Abilities, Weirdness & Mutations

You have a pair of horns on your head.
You reflexively headbutt those who attack you in melee.


   Skills:
 * Level 4.6 Fighting
 * Level 3.7 Axes
 + Level 4.1 Armour
 - Level 3.6 Shields


You had 2 spell levels left.
You didn't know any spells.
Your spell library was empty.

Inventory:

Hand Weapons
 a - a +0 war axe (weapon) {axe}
Missiles
 e - 20 stones (quivered) {throwing}
Armour
 b - a +0 scale mail (worn)
 c - a +0 buckler (worn)
 k - a +0 pair of boots (worn)
   (You found it on level 1 of the Dungeon)
Scrolls
 f - 2 scrolls of magic mapping {unknown}
 g - 2 scrolls of identify {unknown}
 h - a scroll of fear {unknown}
 j - a scroll of teleportation {unknown}
 l - a scroll of poison {unknown}
 n - a scroll of enchant weapon {unknown}
 o - a scroll of amnesia {unknown}
Potions
 d - 2 potions of might
 i - a potion of invisibility {unknown}
 m - 2 potions of heal wounds {unknown}
 p - a potion of lignification {unknown}

Dungeon Overview and Level Annotations

Branches:
Dungeon (2/15) Zot: 10491

Altars:

Annotations:
D:2 Sigmund

.[..............#.##.#
..................##.#
###................#.#
#..................#.#
.#..................#
#...............#...
#..............)##..
#.###..)..........).#..
#.....@..........##.#..
...)..{†####....####.#..
^........ #............
.........# ###........#.
.........# #........>.
.........# ########.#.
.........# ###.....
.........# .....#.#.
###......


There were no monsters in sight!


Message History

Things that are here:
a +0 dagger {short}; a worm corpse
o - a scroll labelled WEVICS UKLEO
p - a pink potion
e - 20 stones {throwing} (gained 5)
A quokka comes into view.
A worm comes into view.
Sigmund and a rat come into view.
Sigmund shouts!
You hear a shout!
Sigmund casts a spell at you. You resist with significant effort.
You see here a +0 plate armour.
You see here a +0 plate armour.
You slash the worm! You hit the quokka. The quokka barely misses you.
You furiously retaliate!
You headbutt the quokka, but do no damage.
Sigmund mumbles some strange words.
Sigmund flickers and vanishes!
Deactivating autopickup; reactivate with Ctrl-A.
The worm bites you but does no damage. The quokka barely misses you.
You hit the worm. You headbutt the worm.
You kill the worm!
You barely miss the rat. You barely miss the quokka.
You block the rat's attack. The quokka completely misses you.
You furiously retaliate!
You headbutt the quokka.
You kill the quokka!
The rat bites you but does no damage.
Jessica the Apprentice Sorceress comes into view.
She is wielding a +0 dagger.
You barely miss the rat.
Jessica shouts!
The rat barely misses you.
Jessica mumbles some strange words.
Jessica blinks!
Something hits you but does no damage.
You closely miss the rat. You block the rat's attack.
A hobgoblin comes into view.
Something hits you but does no damage.
You hit the rat.
You kill the rat!
Jessica gestures wildly while chanting.
Jessica blinks!
Something hits you. 😕 HP[-5]
You take 5 damage, and now have 29/34 hp.
Jessica attacks as you move away! You block Jessica's attack.
A quokka comes into view.
You closely miss something. You hit Jessica.
You hear some strange, mumbled words.
You are confused.
Jessica hits you but does no damage.
You bump into the rock wall.
Something hits you but does no damage. Jessica barely misses you.
You hit something. Your headbutt misses something. You barely miss Jessica.
Jessica points at you and mumbles some strange words.
Pain shoots through your body! Something hits you. 😮 HP[-9]
You take 9 damage, and now have 20/34 hp.
MASSIVE DAMAGE!! (PAUSE)
You barely miss something. Your headbutt misses something.
You slash the hobgoblin!
You kill the hobgoblin!
You miss Jessica.
Jessica casts a spell.
Jessica blinks!
Something hits you!
* * * LOW HITPOINT WARNING * * *
😨 HP[-9]
You take 9 damage, and now have 11/34 hp.
MASSIVE DAMAGE!! (PAUSE)
You barely miss something. Your headbutt misses something.
You closely miss the quokka.
You feel less confused. The quokka barely misses you.
Something hits you but does no damage.
The quokka bites you but does no damage. 😨 HP[+1]
You completely miss something. Your headbutt misses something.
You hit the quokka. The quokka barely misses you. Jessica casts a spell at you.
You feel yourself slow down. You block something's attack.
You barely miss something. You closely miss the quokka.
The quokka completely misses you. You block the quokka's attack.
Jessica hits you but does no damage. You block something's attack.
The quokka bites you.
* * * LOW HITPOINT WARNING * * *
😨 HP[-2]
You take 2 damage, and now have 10/34 hp.
You slash something! You slash the quokka!
You kill the quokka!
You hit Jessica. Jessica hits you but does no damage. Something hits you.
* * * LOW HITPOINT WARNING * * *
Jessica mumbles something strange.
Jessica hits you with a +0 dagger.
* * * LOW HITPOINT WARNING * * *
😱 HP[-8]
You take 8 damage, and now have 2/34 hp.
MASSIVE DAMAGE!! (PAUSE)
You closely miss something. You hit Jessica.
You kill Jessica!
You hear some strange, mumbled words.
A puff of flame appears from out of thin air!
The puff of flame hits you.
You die...

Skill      XL: |  1  2  3 |
---------------+----------+-----
Fighting       | 4 |  4.6
Axes           | 3 |  3.7
Armour         | 4 |  4.1
Shields        | |  3.6

Action                   || total
-------------------------++-------
Melee: War axe           ||    87
       Headbutt          ||    17
Armor: Scale mail        ||    51
Dodge: Dodged            ||    38
Block: Buckler           ||    20

Levels and vault maps discovered:
D:1:      lemuel_arrival_cross, layout_basic
D:2:      layout_rooms, uniq_sigmund, uniq_jessica

Notes
Turn   | Place    | Note
-------+----------+-------------------------------------------
     0 | D:1      | Sanktem7 the Minotaur Fighter began the quest for the Orb.
     0 | D:1      | Reached XP level 1. HP: 19/19 MP: 0/0
     0 | D:1      | magus.rc [v1.9.6]
   189 | D:1      | Reached XP level 2. HP: 21/27 MP: 1/1
   193 | D:1      | Reached skill level 4 in Fighting
   351 | D:1      | Reached skill level 3 in Axes
   845 | D:1      | Reached XP level 3. HP: 31/33 MP: 2/2
   979 | D:1      | Reached skill level 4 in Armour
  1455 | D:2      | Noticed Sigmund
  1460 | D:2      | Noticed Jessica
  1472 | D:2      | HP: 5/34 [something (5)]
  1472 | D:2      | HP: 2/34 [Jessica/+0 dagger (3)]
  1473 | D:2      | Killed Jessica
  1473 | D:2      | Killed from afar by Sigmund

Vanquished Creatures
  Jessica (D:2)
  An adder (D:2)
  2 worms (D:2)
  A dart slug (D:1)
  2 bats (D:1)
  4 endoplasms (D:1)
  6 goblins
  4 hobgoblins
  6 jackals (D:1)
  4 kobolds
  5 quokkas
  3 ball pythons
  2 frilled lizards (D:1)
  2 rats
43 creatures vanquished.

Table legend:
 A = Non-vault XP
 B = Vault XP
 C = Vault XP percentage of total XP
 D = Non-vault monster count
 E = Vault monster count
 F = Vault count percentage of total count
                 A         B        C        D         E       F
            +---------+---------+-------+---------+---------+-------
      Total |      92 |      37 |  28.7 |      42 |       1 |   2.3
            +---------+---------+-------+---------+---------+-------
        D:1 |      51 |       0 |   0.0 |      29 |       0 |   0.0
        D:2 |      41 |      37 |  47.4 |      13 |       1 |   7.1
            +---------+---------+-------+---------+---------+-------

Illustrated notes

Table legend:
 A = Kills in this place as a percentage of kills in entire the game.
 B = Kills by you in this place as a percentage of kills by you in the entire game.
 C = Kills by friends in this place as a percentage of kills by friends in the entire game.
 D = Other kills in this place as a percentage of other kills in the entire game.
 E = Experience gained in this place as a percentage of experience gained in the entire game.
 F = Experience gained in this place divided by the number of levels of this place that you have seen.
                   A       B       C       D       E      F
               +-------+-------+-------+-------+-------+----------------------
         Total | 100.0 | 100.0 |   N/A |   N/A | 100.0 |  64.5
       Dungeon | 100.0 | 100.0 |   N/A |   N/A | 100.0 |  64.5
               +-------+-------+-------+-------+-------+----------------------

Table legend: (Time is in decaauts)
 A = Elapsed time spent in this place.
 B = Non-inter-level travel time spent in this place.
 C = Inter-level travel time spent in this place.
 D = Time resting spent in this place.
 E = Time spent auto-exploring this place.
 F = Levels seen in this place.
 G = Mean time per level.
                   A        B        C        D        E       F      G
               +--------+--------+--------+--------+--------+-----+--------+
         Total |   1506 |   1506 |      0 |      0 |   1294 |   2 |  753.0 |
       Dungeon |   1506 |   1506 |      0 |      0 |   1294 |   2 |  753.0 |
               +--------+--------+--------+--------+--------+-----+--------+

Top non-repeatable levels by time:
     D:1: 1179 daAuts
     D:2: 326 daAuts
